 Dungeon Crawl Stone Soup version 0.31.0-9-g3a7656b989 (webtiles) character file.

Game seed: 697647518364227463

32 qw the Shooter (level 3, -6/18 HPs)
             Began as a Spriggan Hunter on Feb 2, 2024.
             Engulfed by a cloud of poison gas (7 damage)
             ... on level 2 of the Dungeon.
             The game lasted 00:00:03 (1181 turns).

qw the Shooter (Spriggan Hunter)                    Turns: 1181, Time: 00:00:04

Health: -6/18      AC:  2    Str:  7    XL:     3   Next: 10%
Magic:  4/4        EV: 19    Int: 10    God:
Gold:   178        SH:  0    Dex: 20    Spells: 2/2 levels left

rFire   . . .        a - +0 shortbow
rCold   . . .        (shield currently unavailable)
rNeg    . . .        c - +0 robe
rPois   .            (helmet restricted)
rElec   .            (no cloak)
rCorr   .            (gloves unavailable)
SInv    +            (boots unavailable)
Will    .....        (no amulet)
Stlth   ++           (no ring)
HPRegen 0.23/turn    (no ring)
MPRegen 0.09/turn

%: no passive effects
@: lethally poisoned (-6 -> -76), on berserk cooldown, slowed, quick
A: very small, no large weapons, unfitting armour, see invisible, speed 3
a: no special abilities


You were on level 2 of the Dungeon.
You visited 1 branch of the dungeon, and saw 2 of its levels.

You collected 178 gold pieces.


Innate Abilities, Weirdness & Mutations

You are very small and have problems with some larger weapons.
You are too small for most types of armour.
You have supernaturally acute eyesight. (SInv)
You cover ground extremely quickly. (Speed+++)


   Skills:
 - Level 1.5 Fighting
 + Level 4.4 Ranged Weapons
 - Level 4.0 Dodging
 - Level 1.5 Stealth


You had 2 spell levels left.
You didn't know any spells.
Your spell library was empty.

Inventory:

Hand Weapons
 a - a +0 shortbow (weapon)
Armour
 c - a +0 robe (worn)
Potions
 b - a potion of heal wounds
 d - a potion of degeneration
 f - a potion of berserk rage
 k - a potion of might {unknown}

Dungeon Overview and Level Annotations

Branches:
Dungeon (2/15)

Altars:


Message History

Your giant cockroach's corpse dissolves into shadows!
Done exploring.
1175 ||| READING scroll labelled DUSEMO XIURGHUPP.
Blink to where?
Press: ? - help, Dir - move target, f - you
As you read the scroll labelled DUSEMO XIURGHUPP, it crumbles to dust.
It was a scroll of blinking.
Your adder is engulfed in poison gas.
Your adder looks even sicker.
You kill your adder!
Your adder's corpse dissolves into shadows!
Done exploring.
1176 ||| DRINKING 2 glowing grey potions.
It was a potion of berserk rage.
A red film seems to cover your vision as you go berserk!
You feel yourself moving faster!
You feel mighty!
1177 ||| FLEEEEING.
You feel a strong urge to attack something.
You are engulfed in poison gas.
You are poisoned.
You feel sick.
1178 ||| FLEEEEING.
You are engulfed in poison gas.
You are lethally poisoned!
You feel very sick.
1179 ||| FLEEEEING.
You feel your anger nearly subside.
You are engulfed in poison gas.
You are more poisoned.
You feel very sick.
1180 ||| FLEEEEING.
You are engulfed in poison gas.
You are more poisoned.
You are no longer berserk.
You are exhausted.
You feel yourself slow down.
You feel very sick.
1181 ||| FLEEEEING.
You are engulfed in poison gas.
You are more poisoned.
You die...

#¤0.#######
#########00........
#¤0¤0¤¤¤¤¤0.####### ########
#0¤¤0¤¤¤¤¤¤.......# #......#
#¤¤¤0¤¤¤¤########.# #......#
#¤0¤¤00¤0########.. #......###
#¤00¤¤0¤¤¤¤......#.
#........###¤¤0¤¤¤0¤#######.).
#......#..##¤@¤0¤¤¤¤# #.....
#......##.##¤¤¤¤¤¤¤0# ###.####
#.<....##..¤00¤00000###...#
####.#######¤¤¤0¤¤00##..###
#..### #...##.####### ##...##
###.##.## ###..## #.##..##
#########..# #.###..#
#.......##.## #.# ##.## ####


There were no monsters in sight!

Vanquished Creatures
  A ribbon worm (D:2)
  2 dart slugs (D:1)
  4 endoplasms (D:1)
  5 goblins
  4 kobolds
  A quokka (D:2)
  3 ball pythons
  A bat (D:1)
  A frilled lizard (D:2)
  5 rats (D:2)
27 creatures vanquished.

Notes
Turn   | Place    | Note
-------+----------+-------------------------------------------
     0 | D:1      | qw the Spriggan Hunter began the quest for the Orb.
     0 | D:1      | Reached XP level 1. HP: 10/10 MP: 2/2
     0 | D:1      | 0 ||| qw: Version: 0.3-a-155-g5e7d8dd
     0 | D:1      | 0 ||| qw: Game counter: 2048
     0 | D:1      | 0 ||| qw: Melee chars always use a shield: true
     0 | D:1      | 0 ||| qw: God list: Okawaru
     0 | D:1      | 0 ||| qw: Allow faded altars: false
     0 | D:1      | 0 ||| qw: Do Orc after clearing Dungeon:15 true
     0 | D:1      | 0 ||| qw: Do second Lair branch before Depths: true
     0 | D:1      | 0 ||| qw: Lair rune preference: random
     0 | D:1      | 0 ||| qw: Goals: Normal
     0 | D:1      | 0 ||| PLANNING D:1-11
    50 | D:1      | Reached skill level 3 in Dodging
   106 | D:1      | Reached XP level 2. HP: 14/14 MP: 3/3
   571 | D:1      | 571 ||| READING scroll labelled LILYWI OWUOTSE.
   576 | D:1      | 576 ||| READING 3 scrolls labelled TAHIGRE YKLA.
   576 | D:1      | 576 ||| IDENTIFYING fizzy black potion
   577 | D:1      | 577 ||| READING 2 scrolls of identify.
   577 | D:1      | 577 ||| IDENTIFYING bubbling orange potion
   578 | D:1      | 578 ||| DROPPING scroll of butterflies.
   579 | D:1      | 579 ||| DROPPING potion of lignification.
   580 | D:1      | 580 ||| DROPPING potion of brilliance.
   588 | D:2      | 588 ||| STAIRDANCE
   891 | D:2      | Reached XP level 3. HP: 18/18 MP: 4/4
  1168 | D:2      | 1168 ||| DROPPING ring of magical power.
  1169 | D:2      | 1169 ||| READING 2 scrolls of identify.
  1169 | D:2      | 1169 ||| IDENTIFYING clear potion
  1170 | D:2      | 1170 ||| READING scroll of identify.
  1170 | D:2      | 1170 ||| IDENTIFYING bubbling blue potion
  1171 | D:2      | 1171 ||| READING scroll labelled KENWURY YROJICOU.
  1172 | D:2      | 1172 ||| READING scroll labelled ZEAGAS JASAONT.
  1173 | D:2      | 1173 ||| READING scroll labelled ZEULOF BYALLE.
  1174 | D:2      | 1174 ||| READING scroll labelled OPIYDA JASKIJ.
  1175 | D:2      | 1175 ||| READING scroll labelled DUSEMO XIURGHUPP.
  1176 | D:2      | 1176 ||| DRINKING 2 glowing grey potions.
  1177 | D:2      | 1177 ||| FLEEEEING.
  1178 | D:2      | 1178 ||| FLEEEEING.
  1179 | D:2      | 1179 ||| FLEEEEING.
  1180 | D:2      | 1180 ||| FLEEEEING.
  1180 | D:2      | HP: 1/18 [poisoned by you (poison gas)]
  1181 | D:2      | 1181 ||| FLEEEEING.
  1181 | D:2      | Engulfed by a cloud of poison gas

Levels and vault maps discovered:
D:1:      dpeg_arrival_pits, layout_loops_cross
D:2:      layout_rooms, minmay_misc_feat_ornament

Skill      XL: |  1  2 |
---------------+-------+-----
Dodging        | 3 4 |  4.0
Fighting       | |  1.5
Ranged Weapons | |  4.4
Stealth        | |  1.5

Action                     || total
---------------------------++-------
   Fire: Shortbow          ||    63
    Use: Scroll            ||    10
         Potion            ||     1
 Armour: Robe              ||     4
  Dodge: Dodged            ||     8

Table legend:
 A = Non-vault XP
 B = Vault XP
 C = Vault XP percentage of total XP
 D = Non-vault monster count
 E = Vault monster count
 F = Vault count percentage of total count
                 A         B        C        D         E       F
            +---------+---------+-------+---------+---------+-------
      Total |      47 |       0 |   0.0 |      27 |       0 |   0.0
            +---------+---------+-------+---------+---------+-------
        D:1 |      26 |       0 |   0.0 |      13 |       0 |   0.0
        D:2 |      21 |       0 |   0.0 |      14 |       0 |   0.0
            +---------+---------+-------+---------+---------+-------
